[Event "*** SCC Grand Prix: Titled Tuesday Blitz"]
[Site "Chess.com"]
[Date "2020.10.06"]
[Round "6"]
[White "DenLaz"]
[Black "esapunov"]
[Result "0-1"]
[WhiteElo "2804"]
[BlackElo "2658"]
[TimeControl "180+1"]
[EndTime "11:09:03 PDT"]
[Termination "esapunov won by resignation"]

1. d4 Nf6 2. c4 g6 3. Nc3 Bg7 4. e4 O-O 5. Nf3 d6 6. Be2 e5 7. Be3 Ng4 8. Bg5 f6 9. Bh4 Nc6 10. d5 Ne7 11. Nd2 h5 12. f3 Nh6 13. g4 hxg4 14. fxg4 Nf7 15. Qc2 Ng5 16. O-O-O Bh6 17.
Kb1 Kg7 18. Rdf1 Nh3 19. Bg3 Bf4 20. Be1 Rh8 21. Nb3 b6 22. Nc1 c5 23. Nd3 g5 24.
Bd1 Ng6 25. Qg2 Be3 26. Rf3 Ngf4 27. Qf1 Bd4 28. Rg3 a6 29. Nxf4 Nxf4 30. Bd2 Rb8 31.
Ne2 Nxe2 32. Bxe2 b5 33. b3 Bd7 34. h4 gxh4 35. Rgh3 Qe8 36. Rxh4 Qg6 37. Qf3 Rxh4 38.
Rxh4 Rh8 39. Rxh8 Kxh8 40. Kc2 Kg7 41. Qg2 f5 42. exf5 Bxf5+ 43. Kd1 Bd3 44. g5 bxc4 45. bxc4 Bxe2+ 46. Kxe2 e4 47. Qh3 Qf7 48. Qh6+ Kg8 49. Qh3 Qf2+ 50. Kd1 e3 51. Qe6+ Kg7 52. Qe7+ Kg6 53.
Qe8+ Kxg5 54. Qg8+ Kf4 55. Qf8+ Ke4 56. Qxf2 exf2 57.
Ke2 Be5 58. Kxf2 Kd3 59. Be3 Kxc4 60. Ke2 Kxd5 61. Kd3 c4+ 62. Kc2 Ke4 63. Bd2 d5 64. Bb4 d4 65. Bc5 d3+ 66. Kd2 c3+ 67. Kd1 c2+ 68.
Kc1 Bf4+ 0-1

[Event "*** SCC Grand Prix: Titled Tuesday Blitz"]
[Site "Chess.com"]
[Date "2020.10.06"]
[Round "6"]
[White "Roman_Ovetchkin"]
[Black "flexova"]
[Result "1-0"]
[WhiteElo "2598"]
[BlackElo "2373"]
[TimeControl "180+1"]
[EndTime "11:09:03 PDT"]
[Termination "Roman_Ovetchkin won by resignation"]

1. d4 Nf6 2. c4 g6 3. Nc3 d5 4. cxd5 Nxd5 5. e4 Nxc3 6. bxc3 Bg7 7. Bc4 c5 8. Ne2 O-O 9. Be3 b6 10. h4 Nc6 11. h5 Na5 12. Bd3 e5 13. hxg6 fxg6 14.
d5 c4 15. Bc2 Nb7 16. Qd2 Nd6 17. f3 a5 18. a4 b5 19. axb5 Nxb5 20. Ba4 Nd6 21.
Bc6 Bb7 22. Bxb7 Nxb7 23. O-O Nd6 24. Rfb1 a4 25. Rb6 Bh6 26. Rc6 Bxe3+ 27. Qxe3 Ra5 28. Nc1 a3 29. Na2 Rf7 30. Rb1 Rb7 31. Rxb7 Nxb7 32.
Qb6 Qxb6+ 33. Rxb6 Nc5 34. Rb4 Ra4 35. Rb5 Nd3 36.
Kf1 Kf7 37. Ke2 Ra7 38. g3 Ke7 39. Ke3 Kd6 40. f4 h5 41. Rb6+ Kc5 42. Rc6+ Kb5 43. Rxg6 exf4+ 44. gxf4 h4 45. Rh6 Rg7 46. Kd4 Rg2 47.
d6 Nc5 48. Nb4 Ra2 49. Nxa2 1-0

[Event "*** SCC Grand Prix: Titled Tuesday Blitz"]
[Site "Chess.com"]
[Date "2020.10.06"]
[Round "6"]
[White "diablanni"]
[Black "catzapto"]
[Result "0-1"]
[WhiteElo "2376"]
[BlackElo "2168"]
[TimeControl "180+1"]
[EndTime "11:09:03 PDT"]
[Termination "catzapto won on time"]

1. e4 c5 2. Nf3 e6 3. d4 cxd4 4.
Nxd4 Nf6 5. Nc3 Bb4 6. e5 Nd5 7. Qg4 g6 8. Bd2 Nxc3 9. bxc3 Be7 10. h4 h5 11. Qg3 Nc6 12. Nb5 O-O 13. Bd3 Kg7 14.
c4 a6 15. Nd6 Bxd6 16. exd6 Qf6 17. Rb1 Qe5+ 18. Qxe5+ Nxe5 19. Be2 f6 20. f4 Nf7 21. c5 Rb8 22. Rb6 e5 23. g3 Nd8 24. Be3 Ne6 25. c3 exf4 26. gxf4 f5 27. Kd2 Ra8 28. a4 a5 29. Rg1 Kf7 30. Bc4 Re8 31. Bd5 Ra7 32. Rg2 Kf6 33. Rb1 Kf7 34. Rbg1 Rg8 35. Rb1 Re8 36. Rb6 Rg8 37. Rg1 Re8 38. Rg5 Rg8 39. Rg2 Re8 40. Rg1 Rg8 41. Rgb1 g5 42. fxg5 f4 43.
Rf1 Kg6 44. Bf2 Rf8 45. Be4+ Kg7 46. Rfb1 f3 47. Ke3 Ra6 48. Bg3 Rxb6 49. Be5+ Kg8 50. Rxb6 Nxc5 51. Rb1 Nxe4 52. Kxe4 b6 53. Ke3 Bb7 54.
Kf2 Re8 55. Re1 Kf7 0-1

[Event "*** SCC Grand Prix: Titled Tuesday Blitz"]
[Site "Chess.com"]
[Date "2020.10.06"]
[Round "6"]
[White "Harry_Rakkel"]
[Black "annazero"]
[Result "1/2-1/2"]
[WhiteElo "2576"]
[BlackElo "2407"]
[TimeControl "180+1"]
[EndTime "11:09:04 PDT"]
[Termination "Game drawn by repetition"]

1. d4 d5 2. c4 c6 3. Nc3 Nf6 4. cxd5 cxd5 5. Nf3 Nc6 6. Bf4 Bf5 7. e3 e6 8. Bb5 Nd7 9. O-O Be7 10. Rc1 O-O 11. h3 Rc8 12. Na4 a6 13. Bxc6 bxc6 14. Qe2 Qa5 15.
b3 c5 16. dxc5 Nxc5 17. Nxc5 Bxc5 18. Be5 Ba3 19. Bb2 Bd3 20. Qxd3 Bxb2 21. Rxc8 Rxc8 22.
Qb1 Ba3 23. Ng5 g6 24. e4 d4 25. Nf3 e5 26. Ne1 Rc1 27. b4 Qxb4 28. Qxb4 Bxb4 29. Nd3 Rxf1+ 30. Kxf1 Bd6 31. Ke2 f5 32. f3 Kf7 33. Kd2 Ke6 34. Kc2 Kd7 35. Kb3 Kc6 36.
Kc4 h5 37. g4 fxe4 38. fxe4 Bc7 39. Ne1 Kd6 40. Nf3 Ke6 41. gxh5 gxh5 42. Nh4 Ba5 43. Nf5 Kf6 44. h4 Be1 45. Kd3 Bc3 46. Ke2 Bb4 47.
Ng3 Kg6 48. Nf5 Bc5 49. Kd3 Bb6 50. Ke2 Bd8 51. Kf3 Bb6 52. Ke2 Ba5 53. Kd3 Bb4 54.
Ke2 Bc3 55. Kd3 Ba5 56. Ke2 Bc3 57. Ne7+ Kf7 58. Nf5 Kg6 1/2-1/2

[Event "*** SCC Grand Prix: Titled Tuesday Blitz"]
[Site "Chess.com"]
[Date "2020.10.06"]
[Round "6"]
[White "Tsyhanchuk_Stanislav"]
[Black "NMZanette"]
[Result "0-1"]
[WhiteElo "2385"]
[BlackElo "2241"]
[TimeControl "180+1"]
[EndTime "11:09:05 PDT"]
[Termination "NMZanette won by checkmate"]

1. e4 e5 2. Nf3 Nc6 3. a3 Nf6 4. d3 Be7 5. b4 a6 6. Bb2 d6 7.
c4 O-O 8. Be2 g6 9. O-O Nh5 10.
d4 Bf6 11. d5 Ne7 12. c5 Nf4 13. Nbd2 Bg7 14. Nc4 f5 15. exf5 Nxf5 16. cxd6 cxd6 17. Rc1 Bd7 18. Na5 Nxe2+ 19. Qxe2 Bb5 20. Nc4 Rc8 21. Qe4 Bh6 22. Rc2 Ba4 23. Rc3 Rf7 24. Ncxe5 dxe5 25.
Rxc8 Qxc8 26. Nxe5 Nd6 27. Qh4 Nf5 28. Qh3 Re7 29.
d6 Nxd6 30. Ng4 Bg7 31. Bxg7 Kxg7 32. Qh6+ Kh8 33. Qg5 Qe6 34. h4 Bd7 35. Ne3 Nf7 36. Qc5 Qe5 37. Qa7 Bc6 38. Rd1 Kg7 39. Qb6 Nd6 40. Qd8 Nf7 41. Qb6 Qe4 42. h5 gxh5 43. Qc5 Re5 44. Qc3 Kg6 45. Rd4 Qb1+ 46. Kh2 Rg5 47. Rh4 Ne5 48. Qd4 Nf3+ 49. Kh3 Ng1+ 50. Kh2 Nf3+ 51. Kh3 Qh1# 0-1

[Event "*** SCC Grand Prix: Titled Tuesday Blitz"]
[Site "Chess.com"]
[Date "2020.10.06"]
[Round "6"]
[White "ClydeHillKid"]
[Black "besarquis"]
[Result "0-1"]
[WhiteElo "2319"]
[BlackElo "2214"]
[TimeControl "180+1"]
[EndTime "11:09:07 PDT"]
[Termination "besarquis won by checkmate"]

1. e4 e5 2. Nf3 Nc6 3. Bc4 Bc5 4. c3 Nf6 5. d3 d6 6. Nbd2 a6 7. Bb3 Ba7 8. h3 h6 9. O-O Ne7 10. d4 Ng6 11. Re1 O-O 12. Nf1 c6 13. Ng3 Qc7 14. Be3 c5 15. dxe5 dxe5 16. Qe2 b5 17. c4 Rb8 18.
Rad1 Be6 19. Rd2 Qc6 20. Red1 Nxe4 21. cxb5 axb5 22. Nxe4 Qxe4 23. Bxe6 fxe6 24. Rd7 Rb7 25. a3 Nf4 26. Qe1 Nxg2 27. Kxg2 Qxf3+ 28. Kg1 Rf6 29. Rxb7 Qxb7 30. Kf1 Qf3 31. Rd8+ Kh7 32. Qd2 Qxh3+ 33. Ke2 Qg4+ 34. Ke1 Qf3 35. Qd3+ e4 36. Qd7 Rg6 37. Qxa7 Rg1+ 38. Kd2 Rd1+ 39. Kc3 Rxd8 40. Qxc5 Qf6+ 41. Kc2 e5 42. Qxb5 Qe6 43. Kb1 Qd6 44. Qc4 Qd3+ 45. Qxd3 exd3 46. Kc1 h5 47. Kd2 h4 48. f3 h3 49. Bg1 Kg6 50. a4 Kf5 51. a5 Kf4 52. b4 Kxf3 53. a6 Kg2 54.
b5 Kxg1 55. a7 h2 56. b6 h1=Q 57. b7 Qxb7 58. a8=Q Qxa8 59. Ke3 Qa7+ 60. Kd2 Qa2+ 61. Ke3 Qe2# 0-1

[Event "*** SCC Grand Prix: Titled Tuesday Blitz"]
[Site "Chess.com"]
[Date "2020.10.06"]
[Round "6"]
[White "draksbg"]
[Black "Viaje"]
[Result "0-1"]
[WhiteElo "2568"]
[BlackElo "2392"]
[TimeControl "180+1"]
[EndTime "11:09:08 PDT"]
[Termination "Viaje won by resignation"]

1. e4 c5 2. Nf3 d6 3. Bc4 Nf6 4.
d3 Nc6 5. c3 a6 6. Bb3 e5 7.
O-O Be7 8. h3 O-O 9. Re1 Re8 10.
Nbd2 Bf8 11. Nf1 d5 12. exd5 Nxd5 13. Ng3 Qd6 14. Ne4 Qd8 15. Bg5 f6 16. Be3 b6 17. a4 Be6 18. d4 exd4 19. cxd4 cxd4 20. Nxd4 Nxd4 21. Bxd4 Kh8 22. Ng3 Qd6 23. Ne4 Qd7 24. Qf3 Rad8 25. Rad1 Qf7 26. Ng3 Nb4 27. Bxe6 Rxe6 28. Bc3 Rxe1+ 29. Rxe1 a5 30. Nf5 Bc5 31.
Re2 Qc7 32. g3 Qc6 33. Kg2 Qxf3+ 34. Kxf3 Kg8 35. h4 Kf7 36. h5 Rd3+ 37. Kg2 Nd5 38. Bd2 Rb3 39. Bc1 Nb4 40. Ne3 Nd3 41. Bd2 Rxb2 42. Nc4 Ra2 43. Kf3 Rxa4 44. Ne3 Ne5+ 45. Kg2 Ra2 46. Kf1 a4 47. Bc3 Rxe2 48. Kxe2 Nc6 49.
Ba1 b5 50. Nd5 b4 51. Kd3 Ke6 52. Kc4 Bd6 53. Nb6 a3 54. Kb3 Na5+ 55. Ka4 b3 56.
Kxa5 b2 0-1

[Event "*** SCC Grand Prix: Titled Tuesday Blitz"]
[Site "Chess.com"]
[Date "2020.10.06"]
[Round "6"]
[White "OhanyanEminChess"]
[Black "reutik"]
[Result "1-0"]
[WhiteElo "2579"]
[BlackElo "2206"]
[TimeControl "180+1"]
[EndTime "11:09:10 PDT"]
[Termination "OhanyanEminChess won by checkmate"]

1. e4 e6 2. d4 d5 3. Nc3 Bb4 4. e5 c5 5. Bd2 Bxc3 6. bxc3 b6 7.
a4 Ba6 8. Bb5+ Bxb5 9. axb5 Nd7 10. f4 Ne7 11. Nf3 O-O 12. O-O Qc8 13. Kh1 a6 14. bxa6 Rxa6 15. Rxa6 Qxa6 16. g4 f6 17. exf6 Nxf6 18.
Ng5 Ne4 19. Nxe4 dxe4 20. Re1 Qb7 21. Kg1 Nd5 22. Qe2 Nxf4 23. Qxe4 Nh3+ 24. Kg2 Qxe4+ 25. Rxe4 Rf2+ 26. Kxh3 Rxd2 27. dxc5 bxc5 28. Rxe6 Rxc2 29. Re3 c4 30. Kg3 g5 31. h4 gxh4+ 32. Kxh4 Kg7 33. g5 Kg6 34. Re6+ Kg7 35. Re3 Kg6 36. Re6+ Kf5 37.
Rf6+ Ke4 38. Rf7 Kd3 39. Kg3 Kxc3 40. Rxh7 Ra2 41. g6 Ra6 42. g7 Rg6+ 43. Kf4 Kb3 44. Kf5 Rg1 45. Kf6 c3 46. Rh8 c2 47. Rc8 Ka2 48.
Rxc2+ Kb3 49. Rc8 Rf1+ 50. Ke5 Re1+ 51. Kd4 Rd1+ 52. Ke3 Re1+ 53. Kd2 Rg1 54. g8=Q+ Rxg8 55. Rxg8 Kc4 56. Rg3 Kd5 57. Rd3+ Ke4 58. Kc3 Ke5 59. Rd4 Kf5 60. Kd3 Ke6 61. Ke4 Kf6 62. Rd6+ Kg5 63. Re6 Kg4 64. Rg6+ Kh3 65. Kf3 Kh4 66. Kf4 Kh5 67. Rf6 Kh4 68. Rh6# 1-0

[Event "*** SCC Grand Prix: Titled Tuesday Blitz"]
[Site "Chess.com"]
[Date "2020.10.06"]
[Round "6"]
[White "olksuna"]
[Black "venus02"]
[Result "0-1"]
[WhiteElo "2613"]
[BlackElo "2498"]
[TimeControl "180+1"]
[EndTime "11:09:13 PDT"]
[Termination "venus02 won on time"]

1. e4 c6 2. Ne2 d5 3. e5 Qc7 4.
d4 Bf5 5. Ng3 Bd7 6. c4 e6 7. Nc3 dxc4 8. Bxc4 c5 9. O-O cxd4 10.
Qxd4 Nc6 11. Nb5 Qb8 12. Qe4 a6 13. Nd6+ Bxd6 14. exd6 Nf6 15. Qe2 Qxd6 16. Nf5 Qe5 17.
Nxg7+ Ke7 18. Qf3 Nd4 19. Qa3+ Qd6 20. Qxd6+ Kxd6 21. Rd1 e5 22. Bf4 exf4 23. Rxd4+ Ke5 24. Rd3 Bc6 25. Re1+ Ne4 26. f3 Rhg8 27. Nh5 Rg5 28. g4 fxg3 29. Nxg3 f5 30. Kf1 Rf8 31. Rde3 Kd4 32. fxe4 fxe4+ 33. Ke2 Kxc4 34. Rc1+ Kb4 35. a3+ Ka5 36. Nxe4 Bxe4 37. Rxe4 Rg2+ 38. Ke3 Rxb2 39. Rc5+ Kb6 40. Rh5 Ka7 41. Rxh7 Rb3+ 42. Kd2 Rxa3 43. Ree7 Rb3 44. Kc2 Rb5 45. h4 Rf2+ 46. Kc3 Rf3+ 47.
Kc4 Rf4+ 48. Kc3 a5 49. h5 a4 50. h6 a3 51. Re2 Rf3+ 52. Kc4 Rb2 53. Ree7 a2 54. Re1 Rb1 0-1

[Event "*** SCC Grand Prix: Titled Tuesday Blitz"]
[Site "Chess.com"]
[Date "2020.10.06"]
[Round "6"]
[White "Tooweak2slow03"]
[Black "hungrycaterpillar4"]
[Result "0-1"]
[WhiteElo "2777"]
[BlackElo "2634"]
[TimeControl "180+1"]
[EndTime "11:09:14 PDT"]
[Termination "hungrycaterpillar4 won by resignation"]

1. e4 c5 2. Nf3 Nc6 3. Bb5 g6 4. Bxc6 dxc6 5. O-O Bg7 6. d3 Qc7 7. Nc3 e5 8. Be3 b6 9. a3 Ne7 10. b4 cxb4 11. axb4 Be6 12. Qd2 h6 13. b5 c5 14. h3 f5 15. exf5 gxf5 16. Rfe1 Ng6 17. Qc1 Kf7 18. Ne2 Bd5 19. Nh2 f4 20. Nc3 Bb7 21. Bd2 Rhg8 22. Ne4 Nh4 23. Qb1 Bd5 24. Qd1 Bxe4 25. Rxe4 Bf6 26. Qh5+ Ke6 27. Bxf4 Rxg2+ 28. Kh1 Qg7 29. Ng4 Rxg4 30. hxg4 Nf3 31. Qf5+ Ke7 32. Bg3 Nd4 33. Rae1 Nxf5 34. gxf5 Rg8 35. Rg1 Qf7 36. Rge1 Qh5+ 37. Kg1 Qxf5 38. Kf1 Qh3+ 39. Ke2 Rg4 40. Kd2 Rxe4 41. Rxe4 Ke6 42. Re3 Qg2 43. Ke2 Kf5 44. Re4 h5 45. c4 Qxe4+ 46. dxe4+ Kxe4 47. f3+ Kd4 48. f4 exf4 49. Bxf4 Kxc4 50. Bb8 Kxb5 51. Bxa7 Kc6 52. Kd3 b5 53. Kc2 c4 54. Be3 b4 55.
Bd2 b3+ 56. Kb1 h4 57. Bf4 h3 58. Bh2 Kd5 59. Kc1 Be5 60. Kb1 Bxh2 0-1

[Event "*** SCC Grand Prix: Titled Tuesday Blitz"]
[Site "Chess.com"]
[Date "2020.10.06"]
[Round "6"]
[White "Ranindu2003"]
[Black "Atakishiyev04"]
[Result "1-0"]
[WhiteElo "2605"]
[BlackElo "2737"]
[TimeControl "180+1"]
[EndTime "11:09:15 PDT"]
[Termination "Ranindu2003 won by resignation"]

1. e4 e5 2. Nf3 Nc6 3. Bb5 f5 4.
d3 fxe4 5. dxe4 Nf6 6. Nc3 d6 7. Bc4 Na5 8. Qe2 Nxc4 9. Qxc4 Qd7 10. O-O Be7 11. Bg5 Qc6 12. Qb3 Nxe4 13. Nxe4 Qxe4 14. Rfe1 Qf5 15. Bxe7 Kxe7 16. Qb4 Kd8 17. Rad1 Re8 18. Qh4+ Qf6 19. Qxh7 Bf5 20. Qh5 g6 21. Qh6 Bxc2 22.
Rd2 Bf5 23. Qe3 Bd7 24. Qe4 Bc6 25. Qg4 Bd7 26. Qg3 Kc8 27. Rc1 Bc6 28. Qg4+ Qe6 29. Qg3 e4 30. Nd4 Qd7 31. Nxc6 bxc6 32. Qxg6 Rb8 33. b3 Rb5 34. Rd4 Rbe5 35. Ra4 a5 36. Qh6 e3 37. fxe3 Rxe3 38. Qh4 Qf5 39. h3 Re2 40. Qg4 Qxg4 41. hxg4 R8e5 42. Rxc6 Rd2 43. Ra6 Ree2 44. R6xa5 Rxg2+ 45. Kf1 Rh2 46. Kg1 Rdg2+ 47. Kf1 Rb2 48. Kg1 Rhc2 49. Rf5 Kd7 50. g5 Rg2+ 51. Kh1 Rgc2 52. Kg1 Ke6 53. Rf6+ Ke5 54. Raf4 Rg2+ 55. Kh1 Rxg5 56. Rf7 Rxa2 57. Rf2 c5 58. Rxa2 d5 59. Raf2 Kd4 60. R7f3 Rh5+ 61. Kg2 Rg5+ 62. Rg3 Rh5 63. Rd2+ Ke4 64. Rg4+ Ke5 65. Re2+ Kf5 66. Rg3 Rh4 67.
Rc2 c4 68. bxc4 d4 69. Rd3 Ke5 70. Rcd2 1-0

[Event "*** SCC Grand Prix: Titled Tuesday Blitz"]
[Site "Chess.com"]
[Date "2020.10.06"]
[Round "6"]
[White "Gerodot71"]
[Black "Bastiandash"]
[Result "1-0"]
[WhiteElo "2469"]
[BlackElo "2266"]
[TimeControl "180+1"]
[EndTime "11:09:15 PDT"]
[Termination "Gerodot71 won by checkmate"]

1. d4 Nf6 2. c4 e6 3. Nf3 d5 4.
g3 Bb4+ 5. Bd2 a5 6. Bg2 O-O 7. O-O dxc4 8. Qc2 b5 9. a4 c6 10. Ne5 Bxd2 11. Nxd2 Ra6 12. e3 Nfd7 13. Ndf3 Ra7 14.
Rfc1 Ba6 15. b3 cxb3 16. Qxb3 bxa4 17. Qxa4 Bb5 18. Qa3 a4 19. Rab1 Rc7 20. Qc3 Ra7 21. Qc2 Nb6 22. h4 h6 23. Nd2 Nd5 24. Ne4 Qe7 25. Nc5 Rd8 26. Kh2 Qf6 27. Be4 a3 28.
Ra1 Na6 29. Kg1 Nxc5 30. Qxc5 Ra6 31. Rxa3 Rxa3 32. Qxa3 g6 33. Nxc6 Bxc6 34. Rxc6 Ne7 35. Rc7 Nf5 36. Kg2 Rb8 37. Bf3 h5 38. d5 exd5 39.
Bxd5 Rf8 40. Qb3 Kg7 41. Qc4 Nd6 42. Qd3 Qe5 43. Rc6 Nf5 44. Bf3 Re8 45. Ra6 Re7 46.
Ra2 Re6 47. Rd2 Rd6 48. Qc2 Rxd2 49. Qxd2 Kh7 50. Qa2 Kg7 51. Qb3 Nd6 52. Bd5 Kg8 53.
f4 Qe7 54. e4 Kf8 55. Qb2 Kg8 56. Kf3 Kf8 57. Qh8# 1-0

[Event "*** SCC Grand Prix: Titled Tuesday Blitz"]
[Site "Chess.com"]
[Date "2020.10.06"]
[Round "6"]
[White "KiranManisha"]
[Black "tlomigtlis"]
[Result "1-0"]
[WhiteElo "2371"]
[BlackElo "2481"]
[TimeControl "180+1"]
[EndTime "11:09:18 PDT"]
[Termination "KiranManisha won by checkmate"]

1. e4 c5 2. Nf3 d6 3. d4 cxd4 4. Nxd4 Nf6 5. Nc3 a6 6. Bg5 Nbd7 7. Qe2 h6 8. Be3 e5 9. Nb3 Be7 10. O-O-O O-O 11. g4 Nh7 12. h4 b5 13. a3 Bb7 14. f3 Rc8 15. Bd2 Nb6 16. Be1 Nc4 17. Qf2 Qb6 18. Qxb6 Nxb6 19. Na5 Ba8 20. Bf2 Bd8 21.
Rxd6 Na4 22. Nxa4 Bxa5 23. Nc5 Rfd8 24. Rxd8+ Rxd8 25. Bd3 Bb6 26. Rf1 g5 27. h5 Nf8 28.
Nxa6 Bxf2 29. Rxf2 Ne6 30. Bxb5 Nd4 31. Bd3 Ne6 32.
Nb4 Nf4 33. Bc4 Bb7 34. Rd2 Rc8 35. b3 Rc7 36. a4 Kg7 37. a5 f5 38. a6 fxg4 39. axb7 Rxb7 40. fxg4 Rxb4 41. Rd7+ Kh8 42. Re7 Rb8 43. Rxe5 Rd8 44. b4 Ng2 45. Be2 Ne3 46.
b5 Rc8 47. Bd3 Nxg4 48. Re6 Kg7 49. b6 Rb8 50. Ba6 Kf7 51. Rc6 Nf6 52. b7 Nd7 53. Rxh6 Nc5 54. Bc4+ Kg7 55. Rg6+ Kh7 56. Rxg5 Nxb7 57.
Rb5 Nd6 58. Rxb8 Nxc4 59. Rc8 Ne5 60. Rc5 Nf7 61. Rc7 Kg7 62. Kd2 Kf6 63. Rxf7+ Kxf7 64. Ke3 Ke6 65. h6 Ke5 66. c4 Kf6 67. c5 Kg6 68. c6 Kxh6 69. c7 Kh5 70. c8=Q Kh4 71. Qg8 Kh3 72. e5 Kh2 73. e6 Kh1 74. e7 Kh2 75. e8=Q Kh1 76. Qg7 Kh2 77. Qeh8# 1-0

[Event "*** SCC Grand Prix: Titled Tuesday Blitz"]
[Site "Chess.com"]
[Date "2020.10.06"]
[Round "6"]
[White "ChessSkool"]
[Black "BilodeauA"]
[Result "1-0"]
[WhiteElo "2704"]
[BlackElo "2911"]
[TimeControl "180+1"]
[EndTime "11:09:21 PDT"]
[Termination "ChessSkool won on time"]

1. c4 e5 2. g3 Nc6 3. Bg2 g6 4. Nc3 d6 5. e3 Bg7 6. Nge2 f5 7. O-O Nf6 8. Rb1 O-O 9. b4 a6 10.
a4 h6 11. d3 g5 12. b5 axb5 13. axb5 Ne7 14. f4 Ng6 15. Qb3 Kh8 16. Ba3 Ng4 17.
Bc1 Rb8 18. Nd5 Be6 19. h3 Nf6 20. Nxf6 Qxf6 21. Bb2 c5 22. bxc6 bxc6 23. Qa4 Rxb2 24. Rxb2 exf4 25. Rb6 Qe5 26. Rf3 g4 27. gxf4 Qc5 28.
Rxc6 gxf3 29. Rxc5 fxe2 30. Kf2 dxc5 31. Qc6 Bf7 32.
Kxe2 Rb8 33. Bd5 Be8 34. Qxc5 Rb2+ 35. Kd1 Ba4+ 36. Kc1 Rc2+ 37. Kb1 Rb2+ 38. Kc1 Rf2 39. Qc8+ Nf8 40. Qxf5 Bb2+ 41. Kb1 Bc2+ 42. Ka2 Bg7 43. Qf7 Bxd3+ 44. Kb3 Bh7 45. c5 Rb2+ 46. Ka3 Rb8 47.
e4 Ng6 48. c6 Rf8 49. Qd7 Ra8+ 50. Kb3 Rb8+ 51. Ka4 Nf8 52. Qd6 Ra8+ 53. Kb5 Rb8+ 54. Ka6 Ra8+ 55. Kb7 Ra1 56. c7 Rb1+ 57. Ka8 Ra1+ 58.
Kb8 Rb1+ 59. Kc8 Bg6 60. Kd8 Ra1 61. c8=Q Ra7 62. Qcc7 1-0

[Event "*** SCC Grand Prix: Titled Tuesday Blitz"]
[Site "Chess.com"]
[Date "2020.10.06"]
[Round "6"]
[White "Larina_Marija"]
[Black "Kira170"]
[Result "1-0"]
[WhiteElo "2250"]
[BlackElo "2776"]
[TimeControl "180+1"]
[EndTime "11:09:22 PDT"]
[Termination "Larina_Marija won by resignation"]

1. e4 e6 2. d4 d5 3. Nc3 Nf6 4. Bg5 Bb4 5. e5 h6 6. Be3 Ne4 7. Qg4 Kf8 8. a3 Ba5 9. Ne2 c5 10. f3 Nxc3 11. bxc3 cxd4 12. Bxd4 Nc6 13. Kf2 Bd7 14.
Nf4 Nxd4 15. cxd4 Qb6 16. Nh5 Rg8 17. Bd3 Bc3 18. Rab1 Qxd4+ 19. Qxd4 Bxd4+ 20. Ke2 b6 21. f4 Ke7 22. g4 Rac8 23. Rhd1 Bc5 24. f5 f6 25.
exf6+ gxf6 26. fxe6 Bxe6 27. h3 Rxg4 28. hxg4 Bxg4+ 29. Kd2 Bxh5 30. Rh1 Bf3 31. Rxh6 Be4 32. a4 f5 33.
Rh7+ Kd6 34. Rxa7 Rg8 35. a5 bxa5 36. Rxa5 Ke5 37. Rxc5 Kd4 38. Rc7 Rg2+ 39. Kc1 f4 40. Rb4+ Ke3 41. Bxe4 Rg1+ 42. Kb2 dxe4 43. Re7 Kf2 44.
Rbxe4 f3 45. Rf7 Rg6 46. Ref4 Rb6+ 47. Kc1 Ke2 48. Rxf3 Rb8 49. Rf2+ Ke1 50. Rf1+ Ke2 51. R7f2+ Ke3 52. c3 Kd3 53. Rf3+ Ke2 54. Kc2 Rb7 55. Rf5 Rb8 56. R1f2+ Ke1 57. Rf1+ Ke2 58. R1f2+ Ke1 59. Rf8 Rb7 60. R2f7 Ke2 61. Rxb7 1-0

[Event "*** SCC Grand Prix: Titled Tuesday Blitz"]
[Site "Chess.com"]
[Date "2020.10.06"]
[Round "6"]
[White "IngOscarArdila"]
[Black "RamyresCoelho"]
[Result "1-0"]
[WhiteElo "2126"]
[BlackElo "2010"]
[TimeControl "180+1"]
[EndTime "11:09:27 PDT"]
[Termination "IngOscarArdila won by checkmate"]

1. d4 Nf6 2. c4 g6 3. Nc3 d5 4. cxd5 Nxd5 5. e4 Nxc3 6. bxc3 Bg7 7. Bc4 O-O 8. Ne2 c5 9. Be3 cxd4 10. cxd4 Nc6 11.
O-O Na5 12. Bd3 b6 13. Rc1 Bb7 14. Qd2 Rc8 15. Rfd1 Qd7 16. d5 Rfd8 17. Bh6 Bf6 18. Bg5 Bg7 19. Qf4 f6 20. Bh6 Bh8 21. Nd4 e5 22.
dxe6 Qxd4 23. e7 Re8 24. Bc4+ Qxc4 25. Rxc4 Nxc4 26. Bf8 Ne5 27. Qe3 Rxf8 28. exf8=Q+ Kxf8 29. Qa3+ Ke8 30. f4 Nc6 31. Qd6 Rd8 32. Qe6+ Kf8 33. Rd7 Rxd7 34. Qxd7 Ne7 35. Qxb7 Kf7 36. g4 Bg7 37. Kf2 f5 38. gxf5 gxf5 39. e5 Ke6 40. Kf3 Bh6 41. Qxa7 Nd5 42. Qxh7 Bxf4 43. h4 Bxe5 44.
h5 Nf6 45. Qg6 Ke7 46. h6 Ne8 47. Qxf5 Nd6 48. Qxe5+ Kd7 49. Qxd6+ Kxd6 50. h7 Kc5 51. h8=Q Kb4 52. Qb2+ Ka4 53. Qxb6 Ka3 54. Ke2 Kxa2 55.
Kd2 Ka3 56. Kc2 Ka4 57. Kc1 Ka3 58. Kd1 Ka4 59. Ke1 Ka3 60. Kf1 Ka4 61. Kg1 Ka3 62.
Kh2 Ka4 63. Kg3 Ka3 64. Kf4 Ka4 65. Ke5 Ka3 66. Qb7 Ka2 67. Kd4 Ka1 68. Kc3 Ka2 69.
Qb8 Ka1 70. Qb2# 1-0

[Event "*** SCC Grand Prix: Titled Tuesday Blitz"]
[Site "Chess.com"]
[Date "2020.10.06"]
[Round "6"]
[White "suyu28"]
[Black "maxip32"]
[Result "0-1"]
[WhiteElo "2567"]
[BlackElo "2404"]
[TimeControl "180+1"]
[EndTime "11:09:28 PDT"]
[Termination "maxip32 won by resignation"]

1. d4 Nf6 2. c4 g6 3. g3 Bg7 4. Bg2 O-O 5. Nc3 d6 6. Nf3 Nbd7 7.
O-O e5 8. e4 exd4 9. Nxd4 Re8 10. Qc2 Nc5 11. Rd1 a5 12. h3 Bd7 13. Bf4 Nh5 14.
Be3 Nf6 15. Re1 Qc8 16. Kh2 h5 17. Rad1 Be6 18. b3 Bd7 19. f3 Na6 20. Ndb5 Bc6 21. Nd4 Bd7 22. Qd2 Nc5 23. Ndb5 Bc6 24. Nd4 Bd7 25.
Ncb5 Ne6 26. Ne2 Bxb5 27. cxb5 Nd7 28. Nc3 b6 29. Nd5 Nec5 30. Bf2 Nf6 31. Nc3 Qe6 32. f4 Rad8 33. e5 Nfd7 34. Nd5 Rc8 35. h4 dxe5 36.
Bh3 f5 37. fxe5 Nxe5 38. Nf4 Nf3+ 39. Kh1 Qxe1+ 40. Qxe1 Nxe1 41. Bxe1 Kh7 42. Bf2 Rcd8 43. Rg1 Ne4 44. Be1 Bd4 45. Rf1 Be5 46. Bg2 Bxf4 47.
gxf4 Rd1 48. Kg1 Nd2 49. Bxd2 Rxd2 50. Rf2 Ree2 51. Rxe2 Rxe2 52. a4 Rd2 53. Bf1 Rd4 54. Kh2 Rxf4 55. Bc4 Rd4 56. Kg3 Kg7 57. Be6 Kf6 58.
Bc4 g5 59. hxg5+ Kxg5 60. Kf3 Re4 61. Kf2 Rf4+ 62. Kg3 h4+ 63. Kg2 Rg4+ 64. Kh3 Rg3+ 65. Kh2 Rc3 66. Bd5 f4 67. Be6 f3 68. Kg1 Kf4 69. Kh2 Rc2+ 70. Kg1 Kg3 0-1

[Event "*** SCC Grand Prix: Titled Tuesday Blitz"]
[Site "Chess.com"]
[Date "2020.10.06"]
[Round "6"]
[White "nrvisakh"]
[Black "m_ezat"]
[Result "1-0"]
[WhiteElo "2772"]
[BlackElo "2548"]
[TimeControl "180+1"]
[EndTime "11:09:29 PDT"]
[Termination "nrvisakh won by checkmate"]

1. e4 e5 2. Nf3 Nc6 3. Bb5 a6 4. Ba4 Nf6 5. O-O Be7 6. Re1 b5 7. Bb3 d6 8. c3 O-O 9. d4 Bb7 10. Nbd2 Re8 11. Ng5 Rf8 12. Nf1 h6 13. Nf3 Nh7 14.
Ne3 Ng5 15. Nf5 Na5 16. Bc2 Bf6 17. a4 Nc4 18. b3 Nb6 19. h4 Ne6 20. d5 Nf4 21. g3 Ng6 22. Nh2 Ne7 23. Ne3 bxa4 24. bxa4 Bc8 25. Qf3 c6 26. Neg4 Nd7 27. Bxh6 cxd5 28.
exd5 gxh6 29. Nxf6+ Nxf6 30. Qxf6 Nf5 31. Ng4 Qxf6 32.
Nxf6+ Kg7 33. Nh5+ Kh8 34. Rab1 Ne7 35. c4 Ng8 36.
Rb6 Bg4 37. Bd1 Bxd1 38. Rxd1 Rfd8 39. g4 Rac8 40. Rc6 Rxc6 41. dxc6 Ne7 42. c7 Rc8 43. Rxd6 Rxc7 44. Rxh6+ Kg8 45. Nf6+ Kf8 46. Rh8+ Kg7 47.
Ne8+ Kxh8 48. Nxc7 Nc6 49. Nxa6 Nd4 50. Kg2 Kg7 51.
Nb4 Nb3 52. Nc6 f6 53. a5 Nc5 54. Nb4 Kf7 55. a6 Nd7 56. a7 Nb6 57. c5 Na8 58. h5 Kg7 59. Nd5 f5 60. c6 Kh6 61. c7 Nxc7 62. Nxc7 fxg4 63. a8=Q Kg5 64. Qg8+ Kh4 65. Ne6 e4 66. Qg5# 1-0

[Event "*** SCC Grand Prix: Titled Tuesday Blitz"]
[Site "Chess.com"]
[Date "2020.10.06"]
[Round "6"]
[White "Orest_Vovk"]
[Black "ARTHURMOTIVATOR"]
[Result "0-1"]
[WhiteElo "2435"]
[BlackElo "2342"]
[TimeControl "180+1"]
[EndTime "11:09:32 PDT"]
[Termination "ARTHURMOTIVATOR won by checkmate"]

1. h4 e5 2. h5 d5 3. h6 Nxh6 4. d4 e4 5. Bxh6 gxh6 6. e3 Be6 7. c4 c6 8. Qb3 Qb6 9. Nc3 Nd7 10. Nh3 Nf6 11.
Nf4 O-O-O 12. cxd5 cxd5 13. Qxb6 axb6 14. Be2 Kb8 15. Kd2 Rg8 16. g3 Rc8 17. a3 Rd8 18.
Rac1 Ne8 19. Bh5 Nd6 20. Ke2 Nc4 21. Rc2 Rg5 22. Nb5 Be7 23. b3 Nxa3 24. Nxa3 Bxa3 25. Nxe6 fxe6 26. Bf7 e5 27. dxe5 Rxe5 28. Rxh6 d4 29. exd4 Rxd4 30. Rxh7 e3 31. f4 Re7 32. Rh8+ Ka7 33.
Ra2 Rd2+ 34. Rxd2 exd2+ 35. Kxd2 Rxf7 36. Ke3 Bc5+ 37. Kf3 Re7 38. f5 Re3+ 39. Kf4 Rxb3 40. g4 Be3+ 41. Ke4 Bg5 42. Rh5 Rb4+ 43. Kf3 Bc1 44. Rh1 Bd2 45. Rd1 Bc3 46. g5 Rb3 47.
Rd3 b5 48. f6 b4 49. f7 Rb1 50. Kf4 Rf1+ 51. Rf3 Rxf3+ 52. Kxf3 Bg7 53. Kf4 b3 54. Kf5 b2 55. Kg6 Bf8 56. Kh7 b1=Q+ 57. g6 Qf5 58. Kg8 Qxg6+ 59. Kxf8 Qf6 60. Ke8 Qxf7+ 61. Kxf7 b5 62.
Ke6 b4 63. Kd5 b3 64. Kc4 b2 65. Kb4 b1=Q+ 66. Ka5 Qb2 67. Ka4 Kb7 68. Ka5 Kc6 69.
Ka6 Qa3# 0-1